 Dungeon Crawl Stone Soup version 0.31-a0-240-gb923e448b6 (webtiles) character file.

Game seed: 14171569515382813458

98 qw the Shooter (level 4, -4/36 HPs)
             Began as a Minotaur Hexslinger on July 11, 2023.
             Slain by a black bear (11 damage)
             ... on level 3 of the Dungeon.
             The game lasted 00:00:44 (1692 turns).

qw the Shooter (Minotaur Hexslinger)                Turns: 1692, Time: 00:00:44

Health: -4/36      AC:  5    Str: 13    XL:     4   Next: 44%
Magic:  4/4        EV: 11    Int: 10    God:
Gold:   143        SH:  0    Dex: 14    Spells: 4/5 levels left

rFire   . . .        Y - +0 shortbow
rCold   . . .        (shield currently unavailable)
rNeg    . . .        b - +0 ring mail
rPois   .            (helmet restricted)
rElec   .            (no cloak)
rCorr   .            (no gloves)
SInv    .            (no boots)
Will    .....        (no amulet)
Stlth   +            (no ring)
HPRegen 0.26/turn    (no ring)
MPRegen 0.09/turn

%: no passive effects
@: no status effects
A: horns 2, retaliatory headbutt
a: no special abilities


You were on level 3 of the Dungeon.
You visited 1 branch of the dungeon, and saw 3 of its levels.

You collected 143 gold pieces.


Innate Abilities, Weirdness & Mutations

You have a pair of horns on your head.
You reflexively headbutt those who attack you in melee.


   Skills:
 - Level 2.0 Fighting
 + Level 4.8 Ranged Weapons
 - Level 1.0 Armour
 - Level 2.1 Dodging
 - Level 1.0 Spellcasting
 - Level 2.0 Hexes


You had 4 spell levels left.
You knew the following spells:

 Your Spells              Type           Power      Damage    Failure   Level
a - Slow                  Hex            16%        N/A       32%         1

Your spell library contained the following spells:

 Spells                   Type           Power      Damage    Failure   Level
 Inner Flame              Hex/Fire       2%         N/A       82%         3
 Portal Projectile        Hex/Tloc       4%         N/A       82%         3
 Cause Fear               Hex            2%         N/A       97%         4

Inventory:

Hand Weapons
 Y - a +0 shortbow (weapon)
Armour
 b - a +0 ring mail (worn)
Jewellery
 d - an amulet of reflection
Scrolls
 a - a scroll of brand weapon {unknown}
 e - a scroll of enchant armour {unknown}
Potions
 c - a potion of lignification {unknown}
 f - 2 potions of haste {unknown}

Dungeon Overview and Level Annotations

Branches:
Dungeon (3/15)

Altars:


Message History

Enter note: You shoot an arrow.
The arrow hits the black bear.
The black bear is lightly wounded.
The kobold throws a stone.
The stone hits you.
A ball python comes into view.
You shoot an arrow. The arrow hits the black bear.
The black bear is moderately wounded.
The giant cockroach bites you but does no damage.
You shoot an arrow. The arrow hits the black bear.
The black bear is heavily wounded.
The black bear bites you! The black bear claws you. x2
The giant cockroach closely misses you. The black bear closely misses you.
The black bear completely misses you. The black bear claws you.
You shoot an arrow. The arrow hits the black bear.
The black bear is heavily wounded.
The giant cockroach bites you but does no damage.
The black bear bites you. The black bear closely misses you.
The black bear claws you.
The giant cockroach bites you but does no damage.
You shoot an arrow. The arrow hits the black bear.
The black bear is severely wounded.
The giant cockroach closely misses you.
The black bear goes berserk!
You shoot an arrow. The arrow barely misses the black bear.
The black bear barely misses you. x2
The black bear claws you but does no damage.
The giant cockroach misses you. You furiously retaliate!
You headbutt the giant cockroach.
The black bear bites you but does no damage.
The black bear barely misses you. The black bear claws you.
The giant cockroach bites you but does no damage.
You shoot an arrow. The arrow hits the black bear.
The black bear is severely wounded.
The black bear bites you. The black bear claws you.
The black bear claws you but does no damage.
The giant cockroach barely misses you. The black bear bites you.
The black bear claws you. The black bear completely misses you.
You shoot an arrow. The arrow hits the black bear.
The black bear is almost dead.
The black bear bites you!
You die...

#... .... .....
..... ......
####......
#..hS.....
#######.@BK...).
#.....)..#S..[..
#.###.#### .....
#.# .... #.# ...
#.# ### ..
##.###.## #.# .
#.......###.###
#..###...#....##


You could see a black bear (berserk), an adder, a giant cockroach, a ball python
and a kobold.

Vanquished Creatures
  4 adders
  A worm (D:3)
  A dart slug (D:2)
  3 endoplasms (D:1)
  A giant cockroach (D:1)
  8 goblins
  6 hobgoblins
  6 jackals
  7 kobolds
  5 ball pythons
  6 bats
  2 frilled lizards
  4 rats
54 creatures vanquished.

Notes
Turn   | Place    | Note
-------+----------+-------------------------------------------
     0 | D:1      | qw the Minotaur Hexslinger began the quest for the Orb.
     0 | D:1      | Reached XP level 1. HP: 16/16 MP: 1/1
     0 | D:1      | 0 ||| qw: Version: 0.3-a-52-g30416fa
     0 | D:1      | 0 ||| qw: Game counter: 6053
     0 | D:1      | 0 ||| qw: Melee chars always use a shield: true
     0 | D:1      | 0 ||| qw: God list: Okawaru
     0 | D:1      | 0 ||| qw: Allow faded altars: false
     0 | D:1      | 0 ||| qw: Do Orc after clearing Dungeon:15 true
     0 | D:1      | 0 ||| qw: Do second Lair branch before Depths: true
     0 | D:1      | 0 ||| qw: Lair rune preference: random
     0 | D:1      | 0 ||| qw: Goals: Normal
     0 | D:1      | 0 ||| PLANNING D:1-11
   251 | D:1      | Reached skill level 3 in Ranged Weapons
   251 | D:1      | Reached XP level 2. HP: 23/23 MP: 2/2
   321 | D:1      | Found a faded altar of an unknown god.
   685 | D:1      | 685 ||| UPGRADING to +0 leather armour.
   695 | D:1      | 695 ||| DROPPING +0 robe.
   696 | D:1      | 696 ||| READING 2 scrolls labelled USIPPIPTUE.
   697 | D:1      | 697 ||| READING scroll labelled LUOS AZIVVUPH.
   698 | D:1      | 698 ||| READING scroll labelled XESETS VAITZ.
   699 | D:1      | 699 ||| DROPPING scroll of revelation.
   700 | D:1      | 700 ||| DROPPING scroll of poison.
   713 | D:2      | Reached XP level 3. HP: 28/29 MP: 3/3
   852 | D:2      | Reached skill level 4 in Ranged Weapons
  1098 | D:2      | Reached XP level 4. HP: 36/36 MP: 4/4
  1127 | D:2      | 1127 ||| SWAPPING to +0 shortbow.
  1129 | D:2      | 1129 ||| DROPPING +1 sling.
  1307 | D:2      | 1307 ||| UPGRADING to +0 ring mail.
  1317 | D:2      | 1317 ||| DROPPING +0 leather armour.
  1318 | D:2      | 1318 ||| READING scroll labelled WID JAURON.
  1319 | D:2      | 1319 ||| READING scroll labelled FEFUCK IMINESONK.
  1320 | D:2      | 1320 ||| READING scroll labelled ROGAGE YMOPIFA.
  1385 | D:3      | Reached skill level 1 in Armour
  1684 | D:3      | Noticed a black bear
  1691 | D:3      | HP: 7/36 [black bear (3)]
  1692 | D:3      | Slain by a black bear

Levels and vault maps discovered:
D:1:      heliophobic_arrival_dark_side_of_the_moon, layout_basic,
          basic_ecumenical_altar
D:2:      layout_basic, hex_medium
D:3:      kennysheep_big_flooded_room, layout_loops_ring

Skill      XL: |  1  2  3  4 |
---------------+-------------+-----
Ranged Weapons | 3 4 |  4.8
Fighting       | 2 |  2.0
Armour         | 1 |  1.0
Dodging        | |  2.1
Spellcasting   | |  1.0
Hexes          | |  2.0

Action                     |  1- 3 |  4- 6 || total
---------------------------+-------+-------++-------
   Fire: Sling             |   112 |       ||   112
         Shortbow          |       |    53 ||    53
    Use: Scroll            |     3 |     3 ||     6
 Armour: Robe              |     6 |       ||     6
         Leather armour    |    11 |       ||    11
         Ring mail         |       |    13 ||    13
  Dodge: Dodged            |    32 |    29 ||    61

Table legend:
 A = Non-vault XP
 B = Vault XP
 C = Vault XP percentage of total XP
 D = Non-vault monster count
 E = Vault monster count
 F = Vault count percentage of total count
                 A         B        C        D         E       F
            +---------+---------+-------+---------+---------+-------
      Total |     141 |       0 |   0.0 |      54 |       0 |   0.0
            +---------+---------+-------+---------+---------+-------
        D:1 |      32 |       0 |   0.0 |      19 |       0 |   0.0
        D:2 |      81 |       0 |   0.0 |      27 |       0 |   0.0
        D:3 |      28 |       0 |   0.0 |       8 |       0 |   0.0
            +---------+---------+-------+---------+---------+-------
